 Dungeon Crawl Stone Soup version 0.29-a0-834-g1e95ca9f62 (webtiles) character file.

Game seed: 1548723692390973812

19195 coolguy69 the Slicer (level 12, -1/99 HPs)
             Began as a Vine Stalker Berserker on July 12, 2022.
             Was a High Priest of Trog.
             Slain by a death yak (4 damage)
             ... on level 2 of the Lair of Beasts.
             The game lasted 00:10:49 (9748 turns).

coolguy69 the Slicer (Vine Stalker Berserker)       Turns: 9748, Time: 00:10:49

Health: -1/99      AC: 10    Str: 26    XL:     12   Next: 66%
Magic:  0/13       EV: 19    Int:  7    God:    Trog [*****.]
Gold:   656        SH:  0    Dex: 13    Spells: 11/11 levels left

rFire   . . .      SeeInvis .   J - +6 short sword
rCold   . . .      Faith    .   (no shield)
rNeg    . . .      Spirit   +   E - +0 acid dragon scales
rPois   .          Reflect  .   u - +0 hat
rElec   .          Harm     .   f - +0 cloak
rCorr   +          Rampage  .   j - +0 pair of gloves
Will    +....                   (no boots)
Stlth   ..........              (no amulet)
HPRegen 1.06/turn               a - +4 ring of evasion
MPRegen 0.13/turn               B - +4 ring of slaying

@: berserking (expiring), very quick
A: fangs 3, regeneration 1, magic shield, antimagic bite, no potion heal 2
a: Renounce Religion, Berserk, Trog's Hand, Brothers in Arms


You were on level 2 of the Lair of Beasts.
You worshipped Trog.
Trog was extremely pleased with you.
You visited 2 branches of the dungeon, and saw 11 of its levels.

You collected 656 gold pieces.

Inventory:

Hand Weapons
 J - a +6 short sword (weapon)
Missiles
 o - 2 throwing nets (quivered)
Armour
 f - a +0 cloak (worn)
 j - a +0 pair of gloves (worn)
 u - a +0 hat (worn)
 E - +0 acid dragon scales (worn)
Jewellery
 a - a +4 ring of evasion (left hand)
 y - a ring of see invisible
 B - a +4 ring of slaying (right hand)
Wands
 l - a wand of flame (6)
 z - a wand of iceblast (5)
 G - a wand of charming (4)
Scrolls
 b - a scroll of teleportation
 e - 4 scrolls of fear
 g - 4 scrolls of immolation
 m - a scroll of enchant armour
 p - 3 scrolls of noise
 s - 3 scrolls of magic mapping
 C - 3 scrolls of blinking
 H - a scroll of enchant weapon
 I - a scroll of fog
Potions
 d - 5 potions of curing
 k - a potion of resistance {unknown}
 n - 2 potions of berserk rage {unknown}
 q - a potion of invisibility {unknown}
 r - 4 potions of attraction {unknown}
 v - a potion of heal wounds {unknown}
 w - 2 potions of mutation {unknown}
 x - 5 potions of might
 A - 2 potions of flight
 F - a potion of brilliance {unknown}


   Skills:
 + Level 9.2 Fighting
 + Level 11.9 Short Blades
 + Level 7.6 Armour
 + Level 7.9 Dodging
 + Level 5.6 Stealth


You had 11 spell levels left.
You didn't know any spells.
Your spell library was empty.

Dungeon Overview and Level Annotations

Branches:
Dungeon (9/15)             Temple (0/1) D:7            Lair (2/6) D:9
 Spider (0/4) Lair:2
  Swamp: Lair:2-4    Shoals: Lair:2-4       Orc: D:9-12

Altars:
Dithmenos
Gozag
Makhleb
Nemelex Xobeh
Ru
Trog
Vehumet
Wu Jian
Yredelemnul

Shops:
D:2 [   D:6 !

Annotations:
D:7 2 transporters, coolguy69's ghost, novice VSBe


Innate Abilities, Weirdness & Mutations

You have razor-sharp teeth.
Your natural rate of healing is unusually fast.
When hurt, damage is shared between your health and your magic reserves.
Your bite disrupts and absorbs the magic of your enemies.
Potions cannot restore your health.


Message History

You hit the death yak. You bite the death yak. You drain its power.
You feel invigorated.
The death yak is lightly wounded.
You completely miss the death yak. You bite the death yak. You drain its power.
The death yak is lightly wounded.
You hit the death yak.
The death yak is moderately wounded.
The death yak gores you! x2
You barely miss the death yak.
The death yak is moderately wounded.
You puncture the death yak! You bite the death yak! You drain its power.
You feel invigorated.
The death yak is heavily wounded.
You puncture the death yak!
The death yak is severely wounded.
The death yak gores you but does no damage.
The death yak gores you!!
You puncture the death yak! You bite the death yak!
You kill the death yak!
Trog accepts your kill.
You puncture the death yak!
The death yak is moderately wounded.
You hit the death yak.
The death yak is heavily wounded.
The death yak gores you!!
* * * LOW HITPOINT WARNING * * *
You hit the death yak.
The death yak is heavily wounded.
You barely miss the death yak.
The death yak is heavily wounded.
The death yak gores you!!
* * * LOW HITPOINT WARNING * * *
You puncture the death yak! Your bite misses the death yak.
The death yak is severely wounded.
You puncture the death yak!
The death yak is severely wounded.
You hit the death yak but do no damage.
The death yak is severely wounded.
The death yak gores you.
You die...

.... # .... .# ......+
..... ..# .......# ...
+.## ..<.... ... ....
#+....## #.#.#.##+..
#......# .......Y.#
#####...#.+## .....#@##
#...........#
.........###............
............#...........
........#...#....†......
.......###.........†....
....... ###...........#
....... ##..........'
....... #..........#
...$. ###.#P##+###


You could see a death yak.

Vanquished Creatures
  3 hydras
  2 death yaks (Lair:2)
  Pikel (D:8)
  Maurice (D:8)
  5 cane toads
  Maggie (D:8)
  A rime drake (Lair:2)
  3 komodo dragons
  Prince Ribbit (D:6)
  12 blink frogs
  A jumping spider (Lair:2)
  A culicivora (Lair:2)
  16 yaks
  A wraith (D:9)
  A redback (Lair:2)
  Edmund (D:5)
  13 water moccasins
  2 orc warriors
  Duvessa (D:4)
  9 black bears
  A sky beast (D:6)
  2 ice beasts
  2 ogres
  6 wolves (Lair:2)
  3 centaurs
  A lemure (D:8)
  3 phantoms
  4 kobold brigands
  Blork the orc (D:6)
  12 bullfrogs
  2 gnoll sergeants
  4 scorpions
  9 wights
  Dowan (D:4)
  9 killer bees
  A howler monkey (D:8)
  6 hounds
  2 gnoll boudas
  5 orc priests
  2 jellies
  3 iguanas
  Terence (D:2)
  5 orc wizards
  20 gnolls
  5 adders
  A shadow imp (D:7)
  A white imp (D:6)
  An ufetubus (D:6)
  A worm (D:2)
  2 dart slugs
  17 orcs
  10 bats
  7 endoplasms
  A giant cockroach (D:3)
  9 goblins
  11 hobgoblins
  9 jackals
  26 kobolds
  6 quokkas
  A frilled lizard (D:2)
  8 rats
297 creatures vanquished.

Vanquished Creatures (others)
  35 fungi
  53 plants
88 creatures vanquished.

Grand Total: 385 creatures vanquished

Notes
Turn   | Place    | Note
-------+----------+-------------------------------------------
     0 | D:1      | coolguy69 the Vine Stalker Berserker began the quest for
                  | the Orb.
     0 | D:1      | Reached XP level 1. HP: 11/11 MP: 2/2
   538 | D:1      | Reached XP level 2. HP: 11/16 MP: 1/3
  1088 | D:1      | Reached skill level 3 in Short Blades
  1103 | D:1      | Found a faded altar of an unknown god.
  1115 | D:1      | Reached XP level 3. HP: 18/20 MP: 2/4
  1687 | D:2      | Noticed Terence
  1699 | D:2      | Killed Terence
  1700 | D:2      | Reached skill level 1 in Stealth
  1700 | D:2      | Gained mutation: Your natural rate of healing is unusually
                  | fast. [Vine Stalker growth]
  1700 | D:2      | Reached XP level 4. HP: 4/24 MP: 1/5
  1791 | D:2      | Found Epeunn's Armour Shop.
  1801 | D:2      | Reached ** piety under Trog
  1856 | D:2      | You fall into a shaft and drop 1 floor!
  1951 | D:3      | Reached XP level 5. HP: 28/28 MP: 6/6
  2816 | D:4      | Reached skill level 4 in Short Blades
  2830 | D:4      | Reached XP level 6. HP: 33/33 MP: 5/7
  2835 | D:4      | Reached *** piety under Trog
  2980 | D:4      | Noticed Duvessa
  2980 | D:4      | Noticed Dowan
  2990 | D:4      | Killed Duvessa
  2992 | D:4      | Killed Dowan
  3006 | D:4      | Reached XP level 7. HP: 36/37 MP: 6/8
  3077 | D:4      | Reached skill level 5 in Short Blades
  3165 | D:4      | Found a radiant altar of Vehumet.
  3198 | D:4      | Found a shadowy altar of Dithmenos.
  3198 | D:4      | Found an ornate altar of the Wu Jian Council.
  3198 | D:4      | Found a basalt altar of Yredelemnul.
  3223 | D:4      | Found a bloodstained altar of Trog.
  3509 | D:5      | Entered Level 5 of the Dungeon
  3509 | D:5      | Noticed Edmund
  3527 | D:5      | Killed Edmund
  3899 | D:5      | Reached skill level 6 in Short Blades
  3899 | D:5      | Gained mutation: You have razor-sharp teeth. [Vine Stalker
                  | growth]
  3899 | D:5      | Reached XP level 8. HP: 28/42 MP: 9/9
  4123 | D:5      | Found a sparkling altar of Nemelex Xobeh.
  4132 | D:5      | Found a burning altar of Makhleb.
  4342 | D:6      | Found an opulent altar of Gozag.
  4568 | D:6      | Reached skill level 5 in Fighting
  4611 | D:6      | Reached skill level 7 in Short Blades
  4728 | D:6      | Found Nionaz's Distillery.
  4736 | D:6      | Reached XP level 9. HP: 32/47 MP: 6/10
  4999 | D:6      | Noticed Blork the orc
  5012 | D:6      | Killed Blork the orc
  5081 | D:6      | Noticed Prince Ribbit
  5097 | D:6      | Killed Prince Ribbit
  5369 | D:7      | Reached **** piety under Trog
  5370 | D:7      | Reached skill level 5 in Armour
  5418 | D:7      | Found a staircase to the Ecumenical Temple.
  5460 | D:7      | Reached skill level 8 in Short Blades
  5481 | D:7      | Found a transporter.
  5481 | D:7      | Noticed a troll
  5481 | D:7      | Noticed coolguy69's ghost (novice VSBe)
  5789 | D:7      | Found a transporter.
  6135 | D:8      | Noticed Maggie
  6148 | D:8      | Killed Maggie
  6149 | D:8      | Reached XP level 10. HP: 53/53 MP: 9/11
  6238 | D:8      | Noticed Maurice
  6261 | D:8      | Killed Maurice
  6262 | D:8      | Reached skill level 9 in Short Blades
  6478 | D:8      | Noticed Pikel
  6499 | D:8      | Killed Pikel
  6669 | D:8      | Reached skill level 5 in Dodging
  6720 | D:8      | Found a sacrificial altar of Ru.
  7206 | D:9      | Reached skill level 10 in Short Blades
  7245 | D:9      | Reached XP level 11. HP: 58/58 MP: 12/12
  7318 | D:9      | Found a staircase to the Lair.
  7573 | D:9      | Reached ***** piety under Trog
  7876 | Lair:1   | Entered Level 1 of the Lair of Beasts
  8249 | Lair:1   | Reached skill level 11 in Short Blades
  8510 | Lair:1   | Noticed a seven-headed hydra
  8517 | Lair:1   | Killed a seven-headed hydra
  9034 | Lair:2   | Noticed a six-headed hydra
  9043 | Lair:2   | Killed a six-headed hydra
  9044 | Lair:2   | Reached XP level 12. HP: 39/65 MP: 10/13
  9207 | Lair:2   | Noticed a four-headed hydra
  9220 | Lair:2   | Killed a four-headed hydra
  9325 | Lair:2   | Found a hole to the Spider Nest.
  9364 | Lair:2   | Reached skill level 5 in Stealth
  9722 | Lair:2   | Noticed a death yak
  9723 | Lair:2   | Noticed a death yak
  9723 | Lair:2   | Noticed a death yak
  9731 | Lair:2   | Killed a death yak
  9741 | Lair:2   | Killed a death yak
  9745 | Lair:2   | HP: 2/99 [death yak (14)]
  9748 | Lair:2   | Slain by a death yak

Illustrated notes

Levels and vault maps discovered:
D:1:      evilmike_arrival_fibonacci_small, layout_basic,
          shapermc_ecumenical_altar_venn
D:2:      layout_basic, serial_shops, shop, uniq_terence
D:3:      layout_rooms
D:4:      layout_gridville, general_overflow_altar,
          nicolae_overflow_quartered_altars, uniq_duvessa
D:5:      layout_loops_ring, mainiacjoe_overflow_swirl,
          kennysheep_generic_room_4, uniq_edmund
D:6:      layout_basic, nicolae_gozag_cash_rules_everything_around_me,
          serial_shops, nicolae_shop_competitors_out_of_business,
          roderic_lattice_a, uniq_blork_the_orc, uniq_prince_ribbit1
D:7:      layout_basic, minmay_temple_entry_large_hall, gammafunk_ghost_arena
D:8:      layout_loops_cross, lemuel_crystal_altar, uniq_maggie, uniq_maurice,
          uniq_pikel
D:9:      layout_cave_pools, due_lair_maze_entry_diamond, item_on_display_a
Lair:1:   cheibrodos_lair_river_kwai, layout_cave_pods
Lair:2:   layout_roguey, shoals_dummy_entry, spider_nest_entry_funnel_web,
          gauntlet_entry_generic

Skill      XL: |  1  2  3  4  5  6  7  8  9 10 11 12 |
---------------+-------------------------------------+-----
Fighting       | 3 4 5 6 7 8 9 |  9.2
Short Blades   | 3 4 6 7 8 10 11 | 11.9
Dodging        | 2 3 4 5 6 7 |  7.9
Stealth        | 1 2 3 4 5 |  5.6
Armour         | 2 3 4 5 6 7 |  7.6

Action                   |  1- 3 |  4- 6 |  7- 9 | 10-12 || total
-------------------------+-------+-------+-------+-------++-------
Melee: Short sword       |    86 |   142 |   314 |   649 ||  1191
       Bite              |    19 |    34 |   108 |   240 ||   401
       Punch             |     2 |     1 |     7 |    13 ||    23
Invok: Berserk           |     3 |     1 |     3 |     9 ||    16
  Use: Scroll            |       |       |     6 |     8 ||    14
 Stab: Sleeping          |       |       |     1 |     4 ||     5
       Distracted        |       |       |       |     1 ||     1
Armor: Animal skin       |    11 |       |       |       ||    11
       Ring mail         |     7 |    33 |    47 |       ||    87
       Acid dragon scale |       |       |     1 |   104 ||   105
Dodge: Dodged            |    77 |    91 |   198 |   451 ||   817

Table legend: (Time is in decaauts)
 A = Elapsed time spent in this place.
 B = Non-inter-level travel time spent in this place.
 C = Inter-level travel time spent in this place.
 D = Time resting spent in this place.
 E = Time spent auto-exploring this place.
 F = Levels seen in this place.
 G = Mean time per level.
                   A        B        C        D        E       F      G
               +--------+--------+--------+--------+--------+-----+--------+
         Total |   9522 |   9271 |    251 |   1435 |   6099 |  11 |  865.6 |
       Dungeon |   7758 |   7530 |    228 |   1105 |   4999 |   9 |  862.0 |
          Lair |   1764 |   1742 |     22 |    330 |   1100 |   2 |  882.0 |
               +--------+--------+--------+--------+--------+-----+--------+

Top non-repeatable levels by time:
     D:1: 1647 daAuts
  Lair:1: 1112 daAuts
     D:6: 988 daAuts
     D:8: 952 daAuts
     D:5: 825 daAuts
     D:9: 789 daAuts
     D:4: 764 daAuts
     D:7: 672 daAuts
  Lair:2: 651 daAuts
     D:2: 623 daAuts
     D:3: 495 daAuts
